 Dungeon Crawl Stone Soup version 0.19-a0-1780-g452a841 (webtiles) character file.

17 AmbiguousPuzuma the Insei (level 2, 0/16 HPs)
             Began as a Vine Stalker Monk on Oct 2, 2016.
             Succumbed to an adder's poison
             ... on level 3 of the Dungeon.
             The game lasted 00:04:08 (327 turns).

AmbiguousPuzuma the Insei (Vine Stalker Monk)        Turns: 327, Time: 00:04:08

Health: 0/16       AC:  2    Str: 13    XL:     2   Next: 62%
Magic:  2/3        EV: 13    Int: 10    God:
Gold:   10         SH:  0    Dex: 16    Spells: 1 memorised, 0 levels left

rFire  . . .     SeeInvis .       - Unarmed
rCold  . . .     Gourm    .     a - +0 robe
rNeg   . . .     Faith    .     (no shield)
rPois  .         Spirit   +     (no helmet)
rElec  .         Dismiss  .     (no cloak)
rCorr  .         Reflect  .     (no gloves)
MR     .....     Harm     .     (no boots)
Stlth  ++........               (no amulet)
                                (no ring)
                                (no ring)

@: lethally poisoned (0 -> -6)
A: fangs 2, magic shield, antimagic bite, no device heal 3, rot immunity
a: no special abilities


You were on level 3 of the Dungeon.
You were not hungry.

You visited 1 branch of the dungeon, and saw 3 of its levels.

You collected 10 gold pieces.

Inventory:

Armour
 a - a +0 robe (worn)
Scrolls
 d - a scroll of teleportation {unknown}
Potions
 c - 2 potions of haste
 h - a potion of might {unknown}
Books
 g - a book of Misfortune
   (You found it on level 2 of the Dungeon)
Comestibles
 b - a bread ration
 f - a meat ration


   Skills:
 - Level 2.6 Fighting
 - Level 2.4 Dodging
 - Level 2.4 Stealth
 + Level 3.9 Unarmed Combat


You couldn't memorise any spells.
You knew the following spells:

 Your Spells              Type           Power        Failure   Level  Hunger
a - Confusing Touch       Hex            #.....       38%         1    ##.....


Dungeon Overview and Level Annotations

Branches:
Dungeon (3/15)

Altars:


Innate Abilities, Weirdness & Mutations

You have extremely sharp teeth.
When hurt, damage is shared between your health and your magic reserves.
Your bite disrupts and absorbs the magic of your enemies.
Potions and wands cannot restore your health.
You are immune to rotting.


Message History

The kobold throws a stone.
The stone barely misses you.
An enchanted short sword.
There is something else lying underneath.
The floor.
Unknown command.
Things that are here:
an enchanted short sword; a kobold corpse The kobold throws a stone.
The stone closely misses you.
The kobold throws a stone.
The stone hits you.
* * * LOW HITPOINT WARNING * * *
You see here a stone.
You take 2 damage, and have 3/16 hp.
You now have 2/3 mp.
The kobold hits you with a dagger.
* * * LOW HITPOINT WARNING * * *
Found a paperback book.
You take 1 damage, and have 2/16 hp.
You closely miss the kobold. You bite the kobold. You drain its power.
You feel invigorated. The kobold hits you but does no damage.
MP restored: 3 You closely miss the kobold.
The kobold closely misses you.
You hit the kobold but do no damage. You bite the kobold. You drain its power.
You kill the kobold!
Things that are here:
a dagger; a kobold corpse
g - a book of Misfortune Memorise Confusing Touch, consuming 1 spell level and leaving 0?
Okay, then.
Unknown command.
Unknown command.
Unknown command.
Memorise Confusing Touch, consuming 1 spell level and leaving 0?
You start memorising the spell.
You continue memorising.
You finish memorising.
Spell assigned to 'a'.
A kobold comes into view.
It is wielding an enchanted short sword.
Found 31 arrows.
Found a white potion.
An adder comes into view.
Found 13 arrows.
The adder hisses angrily.
The adder closely misses you.
It was a potion of haste.
You feel yourself speed up. The adder completely misses you.
You are very lightly contaminated with residual magic.
Found a stone staircase leading down.
You see here a white potion.
h - a white potion
Found a potion of haste.
A bat and a giant cockroach come into view.
The bat misses you. The giant cockroach closely misses you.
There is a stone staircase leading down here.
The giant cockroach bites you.
* * * LOW HITPOINT WARNING * * *
You see here a potion of haste.
You take 1 damage, and have 3/16 hp.
You now have 2/3 mp.
c - 2 potions of haste (gained 1)
The bat hits you but does no damage. The bat hits you but does no damage.
The bat misses you. The bat misses you. The bat hits you but does no damage.
The bat barely misses you. The bat barely misses you.
The bat closely misses you. The bat barely misses you.
The bat closely misses you. The bat closely misses you.
The bat hits you but does no damage. The bat barely misses you.
The bat closely misses you.
There is a stone staircase leading down here.
The bat hits you.
* * * LOW HITPOINT WARNING * * *
You climb downwards.
An adder comes into view.
There is a stone staircase leading up here.
You take 1 damage, and have 3/16 hp.
MP restored: 3 The helpless adder fails to defend itself.
You hit the adder. You bite the adder. You drain its power.
You closely miss the adder. The adder bites you but does no damage.
You closely miss the adder. You bite the adder. You drain its power.
The adder barely misses you.
You closely miss the adder. The adder misses you.
You barely miss the adder. You completely miss the adder. The adder bites you.
* * * LOW HITPOINT WARNING * * *
You take 1 damage, and have 2/16 hp.
You completely miss the adder. The adder bites you.
* * * LOW HITPOINT WARNING * * *
You are lethally poisoned!
The adder poisons you!
You take 1 damage, and have 1/16 hp.
You now have 2/3 mp.
Unknown command.
Unknown command.
It was a potion of cancellation.
Your magical effects are unravelling.
Your magical contamination has completely faded away.
You feel magically purged.
You feel yourself slow down.
You die...

####.#
#....#
#....#
#....#
#....#
#....#
#.S..#
+@...#
#....#
##+#.#
.. .#
#


You could see an adder.

Vanquished Creatures
  A giant cockroach (D:1)
  A goblin (D:1)
  A hobgoblin (D:1)
  4 jackals (D:1)
  A bat (D:1)
  A frilled lizard (D:1)
  6 kobolds
  2 rats (D:1)
17 creatures vanquished.

Notes
Turn   | Place    | Note
-------+----------+-------------------------------------------
     0 | D:1      | AmbiguousPuzuma the Vine Stalker Monk began the quest for the Orb.
     0 | D:1      | Reached XP level 1. HP: 11/11 MP: 2/2
    76 | D:1      | Reached XP level 2. HP: 12/16 MP: 3/3
   115 | D:1      | HP: 3/16 [hobgoblin/club (2)]
   128 | D:1      | HP: 2/16 [giant cockroach (2)]
   147 | D:1      | HP: 2/16 [hobgoblin/club (1)]
   212 | D:2      | HP: 4/16 [kobold (1)]
   231 | D:2      | HP: 4/16 [kobold (1)]
   243 | D:2      | HP: 3/16 [kobold/stone (2)]
   258 | D:2      | Learned a level 1 spell: Confusing Touch
   301 | D:2      | HP: 3/16 [giant cockroach (1)]
   318 | D:2      | HP: 3/16 [bat (1)]
   325 | D:3      | HP: 2/16 [adder (1)]
   327 | D:3      | Succumbed to an adder's poison

Vault maps used:
D:1:      dpeg_arrival_lava_altar
D:2:      minmay_kobold_bridge, first_bread, serial_glass, glass_columns_a,
          glass_columns_a, glass_columns_a, glass_columns_c, glass_columns_a,
          glass_columns_a, uniq_natasha
D:3:      uniq_sigmund

Action                   || total
-------------------------++-------
Melee: Unarmed           ||    54
       Bite              ||    19
  Use: Potion            ||     2
 Stab: Sleeping          ||     1
Armor: Robe              ||    18
Dodge: Dodged            ||    48

Vault maps used:
D:1:      dpeg_arrival_lava_altar
D:2:      minmay_kobold_bridge, first_bread, serial_glass, glass_columns_a,
          glass_columns_a, glass_columns_a, glass_columns_c, glass_columns_a,
          glass_columns_a, uniq_natasha
D:3:      uniq_sigmund

Table legend:
 A = Turns spent in this place as a percentage of turns spent in the entire game.
 B = Non-inter-level travel turns spent in this place as a percentage of non-inter-level travel turns spent in the entire game.
 C = Inter-level travel turns spent in this place as a percentage of turns spent in this place.
 D = Turns resting spent in this place as a percentage of non-inter-level travel turns spent in this place.
 E = Turns spent auto-exploring this place as a percentage of non-inter-level travel turns spent in this place.
 F = Non-inter-level travel turns spent in this place divided by the number of levels of this place that you've seen.
                   A       B       C       D       E      F
               +-------+-------+-------+-------+-------+----------------------
         Total | 100.0 | 100.0 |   0.3 |   0.0 |   0.0 | 105.7
       Dungeon | 100.0 | 100.0 |   0.3 |   0.0 |   0.0 | 105.7
               +-------+-------+-------+-------+-------+----------------------

Table legend:
 A = Kills in this place as a percentage of kills in entire the game.
 B = Kills by you in this place as a percentage of kills by you in the entire game.
 C = Kills by friends in this place as a percentage of kills by friends in the entire game.
 D = Other kills in this place as a percentage of other kills in the entire game.
 E = Experience gained in this place as a percentage of experience gained in the entire game.
 F = Experience gained in this place divided by the number of levels of this place that you have seen.
                   A       B       C       D       E      F
               +-------+-------+-------+-------+-------+----------------------
         Total | 100.0 | 100.0 |  -nan |  -nan | 100.0 |   8.3
       Dungeon | 100.0 | 100.0 |  -nan |  -nan | 100.0 |   8.3
               +-------+-------+-------+-------+-------+----------------------
